 Dungeon Crawl Stone Soup version 0.30-a0-760-g5a9884bb7c (webtiles) character file.

Game seed: 9576128088864780592

854 bande the Covered (level 8, 0/48 HPs)
             Began as a Gargoyle Fighter on Feb 12, 2023.
             Slain by an ogre
             ... wielding a +0 giant club
              (11 damage)
             ... on level 5 of the Dungeon.
             The game lasted 00:05:01 (4160 turns).

bande the Covered (Gargoyle Fighter)                Turns: 4160, Time: 00:05:02

Health: 0/48       AC: 18    Str: 21    XL:     8   Next: 1%
Magic:  8/8        EV:  7    Int:  8    God:
Gold:   258        SH:  5    Dex: 11    Spells: 7/7 levels left

rFire   . . .      SeeInvis +    a - +0 war axe
rCold   . . .      Faith    .    c - +0 buckler
rNeg    + . .      Spirit   .    D - +0 chain mail
rPois   ∞          Reflect  .    r - +2 helmet
rElec   +          Harm     .    (no cloak)
rCorr   .          Rampage  .    (no gloves)
Will    .....                    (no boots) Stlth
                                 (no amulet)
HPRegen 0.28/turn                k - ring of see invisible
MPRegen 0.11/turn                v - ring of flight

@: flying
A: sickness immunity, AC +5, negative energy resistance 1, electricity
resistance, torment resistance 1, petrification resistance
a: no special abilities


You were on level 5 of the Dungeon.
You visited 1 branch of the dungeon, and saw 5 of its levels.

You collected 258 gold pieces.

Inventory:

Hand Weapons
 a - a +0 war axe (weapon)
 B - the +0 mace of Elixeeske {venom, rCorr}
   (You found it on level 4 of the Dungeon)

   rCorr:     It protects you from acid and corrosion.
 E - a +0 falchion of flaming
Armour
 c - a +0 buckler (worn)
 r - a +2 helmet (worn)
 y - a +1 hat
 D - a +0 chain mail (worn)
Jewellery
 b - a ring of protection from fire
 k - a ring of see invisible (left hand)
 v - a ring of flight (right hand)
 C - an amulet of guardian spirit
Wands
 n - a wand of polymorph (7)
 w - a wand of digging (6)
 z - a wand of roots (4)
Scrolls
 e - 3 scrolls of teleportation {unknown}
 g - 2 scrolls of magic mapping {unknown}
 h - 2 scrolls of enchant weapon {unknown}
 i - 7 scrolls of identify {unknown}
 l - 2 scrolls of torment {unknown}
 m - 2 scrolls of poison {unknown}
 o - 2 scrolls of amnesia {unknown}
 p - a scroll of summoning {unknown}
 x - a scroll of enchant armour {unknown}
Potions
 d - a potion of might
 f - a potion of flight {unknown}
 j - 4 potions of curing {unknown}
 q - 2 potions of brilliance {unknown}
 s - a potion of magic {unknown}
 t - 3 potions of lignification {unknown}
 u - a potion of cancellation {unknown}
 A - a potion of attraction {unknown}
 F - a potion of haste {unknown}
 G - a potion of mutation {unknown}
 H - a potion of degeneration {unknown}


   Skills:
 + Level 4.9 Fighting
 + Level 5.2 Axes
 + Level 5.3 Armour
 + Level 4.4 Shields
 * Level 3.0 Evocations


You had 7 spell levels left.
You didn't know any spells.
Your spell library contained the following spells:

 Spells                   Type           Power      Damage    Failure   Level
 Apportation              Tloc           0%         N/A       99%         1
 Necrotise                Necr           0%         1d4       99%         1
 Summon Small Mammal      Summ           0%         N/A       99%         1
 Gell's Gravitas          Tloc           0%         N/A       100%        3
 Teleport Other           Tloc           0%         N/A       100%        3
 Yara's Violent Unravell  Hex/Tmut       0%         3d3       100%        5
 Dispersal                Tloc           0%         N/A       100%        6
 Enfeeble                 Hex            0%         N/A       100%        7


Dungeon Overview and Level Annotations

Branches:
Dungeon (5/15)
 Temple: D:4-7

Altars:

Shops:
D:2 *


Innate Abilities, Weirdness & Mutations

You are immune to sickness and miasma.
Your stone body is resilient. (AC +5)
You are immune to poison.
You resist negative energy. (rN+)
You are resistant to electric shocks. (rElec)
You are resistant to unholy torment.
You are immune to petrification.


Message History

An ogre comes into view. It is wielding a +0 giant club.
An ogre is nearby!
An ogre is nearby!
You slash the ogre!
The ogre is moderately wounded.
The ogre barely misses you.
You slash the ogre!
The ogre is severely wounded.
The ogre hits you but does no damage.
You closely miss the ogre.
The ogre is severely wounded.
The ogre hits you with a +0 giant club.
You closely miss the ogre.
The ogre is severely wounded.
The ogre closely misses you.
You hit the ogre but do no damage.
The ogre is severely wounded.
You hit the ogre.
The ogre is almost dead.
The ogre hits you with a +0 giant club!!
You hit the ogre.
The ogre is almost dead.
The ogre barely misses you.
You closely miss the ogre.
The ogre is almost dead.
The ogre hits you with a +0 giant club!
* * * LOW HITPOINT WARNING * * *
You are too injured to fight recklessly!
You are too injured to fight recklessly!
You are too injured to fight recklessly!
You are too injured to fight recklessly!
You are too injured to fight recklessly!
You are too injured to fight recklessly!
You closely miss the ogre.
The ogre is almost dead.
The ogre hits you but does no damage.
You hit the ogre but do no damage.
The ogre is almost dead.
The ogre hits you with a +0 giant club!
You die...

.....###..~..#........# #.# ####
..)))####...##........# #.# #...
........##.##..<......# #.# #..<
........##..†..###....####.###...
........######..........#........
........# #####.....#######...
........###### #....(#######...
........##.....###...............
........+......O@................
........##.....####.....†........
#####...##.... #.....†.....###
...##... #...........# ..##..
####.######## #. #.######## #
#......... #.######## #.#


You could see an ogre.

Vanquished Creatures
  Grinder (D:4)
  An ogre (D:4)
  A phantom (D:5)
  A necrophage (D:4)
  2 scorpions (D:5)
  A howler monkey (D:5)
  A hound (D:4)
  4 iguanas (D:5)
  2 orc wizards (D:5)
  4 adders
  A dart slug (D:1)
  8 orcs
  8 ball pythons
  4 endoplasms
  2 giant cockroaches
  4 goblins
  5 hobgoblins
  2 jackals (D:2)
  2 kobolds (D:1)
  3 quokkas
  4 bats
  5 frilled lizards
  3 rats
  A spectral goblin (D:2)
70 creatures vanquished.

Notes
Turn   | Place    | Note
-------+----------+-------------------------------------------
     0 | D:1      | bande the Gargoyle Fighter began the quest for the Orb.
     0 | D:1      | Reached XP level 1. HP: 14/14 MP: 1/1
   107 | D:1      | Reached XP level 2. HP: 11/19 MP: 2/2
   816 | D:2      | Reached XP level 3. HP: 24/24 MP: 3/3
   959 | D:2      | Found a faded altar of an unknown god.
  1068 | D:2      | Found Leyluqeg's General Store.
  1767 | D:3      | Reached XP level 4. HP: 29/29 MP: 4/4
  2122 | D:4      | Noticed a necrophage
  2139 | D:4      | Killed a necrophage
  2140 | D:4      | Reached skill level 1 in Evocations
  2140 | D:4      | Reached XP level 5. HP: 28/33 MP: 5/5
  2272 | D:4      | Noticed an ogre
  2284 | D:4      | Killed an ogre
  2285 | D:4      | Reached XP level 6. HP: 20/38 MP: 6/6
  2627 | D:4      | Noticed Grinder
  2643 | D:4      | Killed Grinder
  2644 | D:4      | Reached XP level 7. HP: 9/44 MP: 7/7
  3082 | D:4      | Identified the +0 mace of Elixeeske {venom, rCorr}
  3385 | D:5      | Entered Level 5 of the Dungeon
  3614 | D:5      | Reached skill level 5 in Armour
  3747 | D:5      | Reached skill level 5 in Axes
  4106 | D:5      | Reached XP level 8. HP: 40/48 MP: 8/8
  4160 | D:5      | Slain by an ogre

Illustrated notes

Levels and vault maps discovered:
D:1:      denvon_arrival_hothouse, layout_loops_cross
D:2:      layout_rooms, serial_shops, shop,
          dreamdust_ecumenical_altar_drowned_temple,
          hangedman_decor_diamond_cutter
D:3:      layout_loops_cross
D:4:      layout_basic, uniq_grinder
D:5:      layout_basic, amcnicky_mini_pool_small

Skill      XL: |  1  2  3  4  5  6  7 |
---------------+----------------------+-----
Axes           | 2 3 4 5 |  5.2
Fighting       | 4 |  4.9
Armour         | 4 5 |  5.3
Evocations     | 1 2 3 |  3.0
Shields        | 4 |  4.4

Action                     |  1- 3 |  4- 6 |  7- 9 || total
---------------------------+-------+-------+-------++-------
  Melee: War axe           |    98 |    50 |   103 ||   251
 Armour: Scale mail        |    57 |    45 |     7 ||   109
         Chain mail        |       |       |    51 ||    51
  Dodge: Dodged            |    48 |    21 |    39 ||   108
  Block: Buckler           |    19 |    21 |    19 ||    59

Table legend: (Time is in decaauts)
 A = Elapsed time spent in this place.
 B = Non-inter-level travel time spent in this place.
 C = Inter-level travel time spent in this place.
 D = Time resting spent in this place.
 E = Time spent auto-exploring this place.
 F = Levels seen in this place.
 G = Mean time per level.
                   A        B        C        D        E       F      G
               +--------+--------+--------+--------+--------+-----+--------+
         Total |   4255 |   4123 |    132 |    697 |   2778 |   5 |  851.0 |
       Dungeon |   4255 |   4123 |    132 |    697 |   2778 |   5 |  851.0 |
               +--------+--------+--------+--------+--------+-----+--------+

Top non-repeatable levels by time:
     D:4: 1318 daAuts
     D:5: 804 daAuts
     D:1: 766 daAuts
     D:3: 731 daAuts
     D:2: 634 daAuts
